 Dungeon Crawl Stone Soup version 0.27.1 (webtiles) character file.

Game seed: 14004173025014859793

18 ZARRMARR the Insei (level 2, 0/18 HPs)
             Began as an Octopode Transmuter on Aug 30, 2021.
             Slain by a goblin (15 damage)
             ... on level 1 of the Dungeon.
             The game lasted 00:01:53 (760 turns).

ZARRMARR the Insei (Octopode Transmuter)             Turns: 760, Time: 00:01:57

Health: 0/18       AC:  1    Str:  9    XL:     2   Next: 66%
Magic:  14/14      EV: 13    Int: 15    God:
Gold:   0          SH:  0    Dex: 12    Spells: 4/5 levels left

rFire    . . .     SeeInvis .     - Unarmed
rCold    . . .     Faith    .   (no shield)
rNeg     . . .     Spirit   .   (helmet restricted)
rPois    .         Reflect  .   (no amulet)
rElec    .         Harm     .   a - ring of magical power
rCorr    .         Rampage  .   (no ring)
Will     .....                  (no ring)
Stlth    ++........             (no ring)
HPRegen  0.06/turn              (no ring)
MPRegen  0.14/turn              (no ring)
                                (no ring)
                                (no ring)

@: no status effects
A: almost no armour, amphibious, 8 rings, camouflage 1, gelatinous body 1,
(nimble swimmer 1), tentacles
a: no special abilities


You were on level 1 of the Dungeon.
You visited 1 branch of the dungeon, and saw 1 of its levels.

Inventory:

Jewellery
 a - a ring of magical power (left tentacle)


   Skills:
 * Level 1.1 Fighting
 * Level 2.1 Dodging
 * Level 0.6 Stealth
 * Level 3.4 Unarmed Combat
 * Level 2.1 Spellcasting
 * Level 2.1 Transmutations


You had 4 spell levels left.
You knew the following spells:

 Your Spells              Type           Power      Damage    Failure   Level
a - Beastly Appendage     Tmut           14%        N/A       10%         1

Your spell library contained the following spells:

 Spells                   Type           Power      Damage    Failure   Level
 Wereblood                Tmut           7%         N/A       14%         2
 Spider Form              Tmut/Pois      2%         N/A       38%         3
 Ice Form                 Ice/Tmut       4%         N/A       80%         4


Dungeon Overview and Level Annotations

Branches:
Dungeon (1/15)

Altars:


Innate Abilities, Weirdness & Mutations

You cannot wear most types of armour.
You are amphibious.
You can wear up to eight rings at the same time.
Your skin changes colour to match your surroundings (Stealth+).
Your rubbery body absorbs attacks. (AC +1, EV +1)
((You are camouflaged near water. (Stealth+)))
You have tentacles for arms and can constrict up to eight enemies at once.


Message History

You constrict the bat. The bat closely misses you.
The bat escapes!
You tentacle-slap the bat but do no damage.
Your grab misses the bat.
You pierce the bat.
You kill the bat!
Found 20 bolts.
Your tentacle spike disappears.
You see here 14 stones.
Found a stone staircase leading down.
A bat comes into view.
Casting: Beastly Appendage (safe; 10% risk of failure)
Confirm with . or Enter, or press ? or * to list all spells.
One of your tentacles grows a vicious spike.
Your transformation is almost over.
The helpless bat fails to defend itself.
You tentacle-slap the bat. You grab the bat. Your squeeze misses the bat.
The bat is moderately wounded.
You constrict the bat, but do no damage.
The bat barely misses you.
The bat struggles to escape constriction.
You barely miss the bat.
You pierce the bat, but do no damage.
The bat is moderately wounded.
You constrict the bat. The bat closely misses you.
The bat escapes!
You closely miss the bat. You grab the bat.
Your tentacle spike misses the bat.
Your squeeze misses the bat.
The bat is severely wounded.
You constrict the bat.
You kill the bat!
A goblin comes into view.
It is wielding a +0 dagger of electrocution.
You see here a bat corpse.
A goblin is nearby!
The goblin shouts!
The goblin hits you but does no damage.
You miss the goblin. You grab the goblin.
You pierce the goblin.
The goblin is moderately wounded.
Your tentacle spike disappears.
You constrict the goblin, but do no damage.
The goblin hits you with a +0 dagger of electrocution.
You are electrocuted!
Ouch! That really hurt!
You die...

#....####..........
##>..# #..########
#.######..........
#†# #.......######
#.# #.##....(.....
#.# # ##.........
#.###.###......#.#
#.....(....###..#.
#@###..........###
#g# #..#..##.## #
#.. #..#....# ###.
.. ##### .. .. .##
# ##.# #. #.#


You could see a goblin.

Vanquished Creatures
  A dart slug (D:1)
  A ball python (D:1)
  An endoplasm (D:1)
  A giant cockroach (D:1)
  2 hobgoblins (D:1)
  A kobold (D:1)
  4 bats (D:1)
  A frilled lizard (D:1)
  3 rats (D:1)
15 creatures vanquished.

Notes
Turn   | Place    | Note
-------+----------+-------------------------------------------
     0 | D:1      | ZARRMARR the Octopode Transmuter began the quest for the
                  | Orb.
     0 | D:1      | Reached XP level 1. HP: 13/13 MP: 3/3
   139 | D:1      | Reached XP level 2. HP: 10/18 MP: 5/5
   760 | D:1      | Slain by a goblin

Illustrated notes

Levels and vault maps discovered:
D:1:      matt_arrival_diagonals, layout_loops_ring

Action                   || total
-------------------------++-------
Melee: Unarmed           ||    31
       Kick              ||    11
       Constrict         ||    14
       Tentacles         ||     4
 Cast: Beastly Appendage ||    10
 Stab: Sleeping          ||     6
Armor: Skin              ||     3
Dodge: Dodged            ||    16
